 Dungeon Crawl Stone Soup version 0.28.0-53-g5a82cb258f (webtiles) character file.

Game seed: 6269684984015579834

427 Bruhh the Skirmisher (level 6, -1/42 HPs)
             Began as a Gargoyle Fighter on May 30, 2022.
             Slain by a wight
             ... wielding a +3 mace of freezing
              (2 damage)
             ... on level 4 of the Dungeon.
             The game lasted 00:05:15 (4621 turns).

Bruhh the Skirmisher (Gargoyle Fighter)             Turns: 4621, Time: 00:05:16

Health: -1/42      AC: 11    Str: 22    XL:     6   Next: 97%
Magic:  6/6        EV: 10    Int:  8    God:
Gold:   97         SH:  4    Dex:  9    Spells: 5/5 levels left

rFire   . . .      SeeInvis .   q - +1 war axe (vorpal)
rCold   . . .      Faith    .   c - +0 buckler
rNeg    + + .      Spirit   .   d - +0 ring mail {rN+}
rPois   ∞          Reflect  .   (no helmet)
rElec   +          Harm     .   (no cloak)
rCorr   .          Rampage  .   (no gloves)
Will    .....                   h - +0 pair of boots
Stlth   ..........              (no amulet)
HPRegen 0.14/turn               (no ring)
MPRegen 0.10/turn               (no ring)

@: no status effects
A: sickness immunity, AC +4, negative energy resistance 1, electricity
resistance, torment resistance 1, petrification resistance
a: no special abilities


You were on level 4 of the Dungeon.
You visited 1 branch of the dungeon, and saw 4 of its levels.

You collected 97 gold pieces.

Inventory:

Hand Weapons
 a - a +0 war axe
 q - a +1 vorpal war axe (weapon)
Armour
 b - a +0 scale mail
 c - a +0 buckler (worn)
 d - a +0 ring mail of positive energy (worn)
 h - a +0 pair of boots (worn)
Jewellery
 l - a +4 ring of protection
 m - a ring of fire
Wands
 j - a wand of polymorph (6)
 p - a wand of digging (4)
Scrolls
 f - 4 scrolls of identify
 i - 2 scrolls of teleportation
Potions
 e - a potion of magic {unknown}
 g - a potion of berserk rage {unknown}
 n - a potion of brilliance {unknown}


   Skills:
 + Level 6.3 Fighting
 + Level 4.7 Axes
 - Level 3.2 Armour
 - Level 3.2 Shields


You had 5 spell levels left.
You didn't know any spells.
Your spell library contained the following spells:

 Spells                   Type           Power      Damage    Failure   Level
 Apportation              Tloc           0%         N/A       67%         1
 Alistair's Intoxication  Tmut/Pois      0%         N/A       100%        5


Dungeon Overview and Level Annotations

Branches:
Dungeon (4/15)
 Temple: D:4-7

Altars:

Annotations:
D:4 2 transporters, 1 runed translucent door, dracos369's ghost, amateur VSFi


Innate Abilities, Weirdness & Mutations

You are immune to sickness and miasma.
Your stone body is resilient. (AC +4)
You are immune to poison.
You resist negative energy. (rN+)
You are resistant to electric shocks. (rElec)
You are resistant to unholy torment.
You are immune to petrification.


Message History

Key pressed, stopping explore.
You see here a +0 ring mail.
A wight is nearby!
A wight is nearby!
A wight comes into view. It is wielding a +3 dagger.
The wight hits you with a +4 flail.
The wight moves out of view.
You slash the wight!
The wight is severely damaged.
The wight hits you with a +4 flail. x2
You hit the wight.
The wight is almost destroyed.
The wight hits you with a +4 flail.
You slash the wight!
You destroy the wight!
You barely miss the wight. The wight hits you but does no damage.
The wight hits you with a +3 mace of freezing!
The wight freezes you.
You are too injured to fight recklessly!
You are too injured to fight recklessly!
You are too injured to fight recklessly!
Unknown command.
You hit the wight.
The wight is heavily damaged.
The wight barely misses you.
You closely miss the wight.
The wight is heavily damaged.
The wight hits you with a +3 mace of freezing.
The wight freezes you.
You barely miss the wight.
The wight is heavily damaged.
The wight hits you with a +3 mace of freezing!
* * * LOW HITPOINT WARNING * * *
The wight freezes you.
* * * LOW HITPOINT WARNING * * *
You hit the wight.
The wight is almost destroyed.
The wight hits you with a +3 mace of freezing.
* * * LOW HITPOINT WARNING * * *
The wight freezes you.
You die...

#..###.#.#)##..# ...#
#######
##.###...###...# W.W..
#.#...(<###...# ≈≈≈≈(
#.#(######.... .....
#.#.# #...#
##########<#.# #...#
#........#)#.# #...#
#####.##.#.#.######...#
#.##.#....zz@.....#
#.##.....######[#.#
#.######## #.#.# #.#
#.#.# #.# #.#.# #.#
#.#.# ## #.# #.#.# .#
#.#############.#.#
.####.................#


You could see 2 wights.

Vanquished Creatures
  A scorpion (D:4)
  2 wights (D:4)
  A howler monkey (D:4)
  2 orc priests (D:4)
  Jessica (D:2)
  An iguana (D:4)
  2 orc wizards
  An adder (D:4)
  An adder skeleton (D:4)
  A dart slug (D:3)
  5 orcs
  4 ball pythons
  4 endoplasms
  6 giant cockroaches
  7 goblins
  5 hobgoblins
  10 jackals
  2 quokkas (D:1)
  5 frilled lizards
  7 kobolds
  6 rats
74 creatures vanquished.

Notes
Turn   | Place    | Note
-------+----------+-------------------------------------------
     0 | D:1      | Bruhh the Gargoyle Fighter began the quest for the Orb.
     0 | D:1      | Reached XP level 1. HP: 14/14 MP: 1/1
   150 | D:1      | Reached XP level 2. HP: 10/19 MP: 2/2
   460 | D:1      | Found a faded altar of an unknown god.
  1098 | D:1      | Reached XP level 3. HP: 24/24 MP: 3/3
  1502 | D:2      | Reached skill level 4 in Fighting
  2308 | D:2      | Noticed Jessica
  2316 | D:2      | Killed Jessica
  2317 | D:2      | Reached XP level 4. HP: 30/30 MP: 4/4
  2806 | D:4      | Found a transporter.
  3075 | D:4      | Found a runed translucent door.
  3081 | D:4      | Noticed dracos369's ghost (amateur VSFi)
  3237 | D:4      | Reached skill level 5 in Fighting
  3237 | D:4      | Reached XP level 5. HP: 32/35 MP: 5/5
  3713 | D:3      | Reached XP level 6. HP: 9/40 MP: 6/6
  4098 | D:4      | Found a transporter.
  4437 | D:4      | Reached skill level 6 in Fighting
  4621 | D:4      | HP: 1/42 [wight/+3 mace of freezing (3)]
  4621 | D:4      | Slain by a wight

Illustrated notes

Levels and vault maps discovered:
D:1:      minmay_arrival_stone_box, layout_loops_corners,
          shapermc_ecumenical_altar_mp_ritualfount,
          hangedman_decor_clover_reticule, minivault_11, minivault_23
D:2:      layout_basic, uniq_jessica
D:3:      layout_basic, grunt_ministairs_10
D:4:      gammafunk_steamed_eel, layout_loops_ring,
          ebering_ghost_reflecting_pool

Skill      XL: |  1  2  3  4  5  6 |
---------------+-------------------+-----
Axes           | 2 3 4 |  4.7
Fighting       | 4 5 6 |  6.3
Armour         | |  3.2
Shields        | |  3.2

Action                   |  1- 3 |  4- 6 || total
-------------------------+-------+-------++-------
Melee: War axe           |   109 |   145 ||   254
  Use: Scroll            |       |     5 ||     5
       Potion            |       |     2 ||     2
Armor: Scale mail        |    76 |   104 ||   180
       Ring mail         |       |    10 ||    10
Dodge: Dodged            |    50 |    65 ||   115
Block: Buckler           |    25 |    27 ||    52
